 Dungeon Crawl Stone Soup version 0.25-a0-663-gace7076f2c (webtiles) character file.

Game seed: 15577177359542092362, levelgen mode: deterministic

261 grieverrr the Grave Robber (level 5, 0/39 HPs)
             Began as a Demonspawn Necromancer on Mar 24, 2020.
             Was an Initiate of Ru.
             Slain by an adder (2 damage)
             ... on level 4 of the Dungeon.
             The game lasted 00:42:16 (5185 turns).

grieverrr the Grave Robber (Demonspawn Necromancer) Turns: 5185, Time: 00:42:17

Health: 0/39       AC:  4    Str:  8    XL:     5   Next: 96%
Magic:  11/11      EV: 13    Int: 17    God:    Ru [......]
Gold:   181        SH:  0    Dex: 14    Spells: 11/13 levels left

rFire    . . .     SeeInvis .   q - +0 dagger (flame)
rCold    . . .     Gourm    .   (no shield)
rNeg     . . .     Faith    .   a - +0 robe
rPois    .         Spirit   .   (no helmet)
rElec    .         Reflect  .   (no cloak)
rCorr    .         Harm     .   (no gloves)
MR       +....                  (no boots)
Stlth    ++........             (no amulet)
HPRegen  0.13/turn              s - ring of protection from magic
MPRegen  0.12/turn              (no ring)

@: lethally poisoned (0 -> -3)
A: hooves 1, yellow scales 1, rot immunity
a: Renounce Religion


You were on level 4 of the Dungeon.
You worshipped Ru.
Ru was noncommittal.
You were not hungry.

You visited 1 branch of the dungeon, and saw 4 of its levels.

You collected 181 gold pieces.

Inventory:

Hand Weapons
 e - a +0 hand axe
 g - a +0 whip
 i - a +0 dagger of electrocution
 j - a +0 short sword
 k - a cursed -3 halberd
 l - a +0 spear
 n - a +0 spear
 o - a +0 spear
 p - a +3 whip
 q - a +0 dagger of flaming (weapon)
 t - a +0 halberd
 z - a +0 trident
 A - a +0 shortbow
Missiles
 b - 33 arrows
 f - 90 stones (quivered)
Armour
 a - a +0 robe (worn)
 h - a +0 leather armour
 r - a +0 chain mail
 y - a +0 ring mail
Jewellery
 s - a ring of protection from magic (left hand)
Wands
 F - a wand of paralysis (7)
Scrolls
 d - a scroll of fear
 m - 2 scrolls of amnesia
 v - 2 scrolls of identify
 E - a scroll of remove curse
Potions
 u - a potion of stabbing {unknown}
 w - a potion of heal wounds
Comestibles
 c - 6 rations
 x - 4 chunks of flesh


   Skills:
 + Level 2.6 Fighting
 + Level 2.4 Short Blades
 + Level 2.5(3.5) Axes
 + Level 2.4(3.0) Maces & Flails
 + Level 2.3(2.9) Polearms
 + Level 2.3 Bows
   Level 1.3 Crossbows
 + Level 2.3 Throwing
 + Level 1.5 Armour
 + Level 3.3 Dodging
 + Level 3.4 Stealth
 + Level 2.4 Unarmed Combat
 + Level 4.5 Spellcasting
 + Level 6.4 Necromancy
 + Level 2.6 Evocations


You had 11 spell levels left.
You knew the following spells:

 Your Spells              Type           Power        Failure   Level  Hunger
a - Pain                  Necr           ####         1%          1    None
b - Animate Skeleton      Necr           N/A          1%          1    None

Your spell library contained the following spells:

 Spells                   Type           Power        Failure   Level  Hunger
 Vampiric Draining        Necr           ####......   3%          3    ###....
 Animate Dead             Necr           N/A          11%         4    ####...
 Agony                    Necr           ####....     30%         5    ######.


Dungeon Overview and Level Annotations

Branches:
Dungeon (4/15)
 Temple: D:4-7

Altars:
Dithmenos
Elyvilon
Fedhas
Nemelex Xobeh
Okawaru
Ru
The Shining One

Shops:
D:4 :

Portals:
Sewer: D:4

Annotations:
D:3 exclusion: oklob plant


Innate Abilities, Weirdness & Mutations

You have large cloven feet.
You are partially covered in yellow scales. (AC +2)
You are immune to rotting.


Message History

You closely miss the adder. Your kick misses the adder.
You feel sick. The adder misses you.
You barely miss the adder. Your kick misses the adder.
The phantom blinks!
The adder bites you.
* * * LOW HITPOINT WARNING * * *
You closely miss the adder. Your kick misses the adder.
You feel sick. The adder completely misses you.
You miss the adder. Your kick misses the adder.
The adder bites you but does no damage.
You hit the adder. You burn the adder.
The adder is heavily wounded.
You feel sick. The adder closely misses you.
You hit the adder but do no damage.
The adder is heavily wounded.
The adder bites you.
* * * LOW HITPOINT WARNING * * *
You barely miss the adder.
The adder is heavily wounded.
The adder bites you.
You die...

#######.#### #.# #.#
#.ยง........#####.#####.#
#.#####.............##.#
#.# #....#####.##.##.#
#.# #...## #..Z....# #.#
#...# ####W####
#.#####..## #.#
#.......## #.#
#.......##@# #Z#
#.########S# #W# .. ##'##
#.# #.# ##...## #.# #
#.....# #%# #.......# #.#
#....W....# W..
............+ S....
.............# .......


You could see a phantom and an adder.

Vanquished Creatures
  A worker ant (D:4)
  3 adders
  3 gnolls (D:2)
  A worm (D:2)
  A leopard gecko (D:3)
  3 ball pythons
  4 giant cockroaches
  5 goblins
  7 hobgoblins
  2 jackals (D:4)
  A quokka (D:2)
  10 bats
  3 frilled lizards
  9 kobolds
  5 rats
58 creatures vanquished.

Vanquished Creatures (collateral kills)
  A worm (D:4)
  A fungus (D:3)
2 creatures vanquished.

Grand Total: 60 creatures vanquished

Notes
Turn   | Place    | Note
-------+----------+-------------------------------------------
     0 | D:1      | grieverrr the Demonspawn Necromancer began the quest for
                  | the Orb.
     0 | D:1      | Reached XP level 1. HP: 13/13 MP: 3/3
     2 | D:1      | Learned a level 1 spell: Animate Skeleton
   174 | D:1      | Gained mutation: You are immune to rotting. [demonic
                  | ancestry]
   174 | D:1      | Reached XP level 2. HP: 11/19 MP: 0/5
   844 | D:1      | You fall into a shaft and drop 1 floor!
  1445 | D:1      | Reached skill level 5 in Necromancy
  1525 | D:1      | Gained mutation: You are partially covered in yellow
                  | scales. (AC +2) [demonic ancestry]
  1525 | D:1      | Reached XP level 3. HP: 8/24 MP: 2/6
  2861 | D:2      | Reached XP level 4. HP: 17/30 MP: 1/8
  3926 | D:3      | Found a sparkling altar of Nemelex Xobeh.
  4166 | D:3      | Found a blossoming altar of Fedhas.
  4190 | D:3      | Noticed an oklob plant
  4830 | D:4      | Reached skill level 1 in Crossbows
  4830 | D:4      | Reached skill level 1 in Armour
  4830 | D:4      | Reached skill level 6 in Necromancy
  4830 | D:4      | Gained mutation: You have large cloven feet. [demonic
                  | ancestry]
  4830 | D:4      | Reached XP level 5. HP: 39/39 MP: 9/11
  4860 | D:4      | Found an iron altar of Okawaru.
  4871 | D:4      | Found a white marble altar of Elyvilon.
  4875 | D:4      | Found a sacrificial altar of Ru.
  4875 | D:4      | Found a glowing golden altar of the Shining One.
  4878 | D:4      | Found a shadowy altar of Dithmenos.
  4978 | D:4      | Became a worshipper of Ru the Awakened
  5007 | D:4      | Found Gimehyt's Book Shoppe.
  5062 | D:4      | Noticed a phantom
  5088 | D:4      | Found a glowing drain.
  5185 | D:4      | Slain by an adder

Levels and vault maps discovered:
D:1:      nicolae_arrival_memento_mori, layout_loops_ring
D:2:      layout_loops_cross
D:3:      layout_loops_ring, lemuel_crystal_altar, tgw_fedhas
D:4:      layout_loops_corners, grunt_temple_overflow_open, serial_shops,
          kennysheep_little_box, portal_sewer_entry_a

Skill      XL: |  1  2  3  4 |
---------------+-------------+-----
Necromancy     | 5 6 |  6.4
Spellcasting   | 3 4 |  4.5
Dodging        | 2 3 |  3.3
Fighting       | 2 |  2.6
Short Blades   | 2 |  2.4
Axes           | 2 |  2.5
Maces & Flails | 2 |  2.4
Polearms       | 2 |  2.3
Bows           | 2 |  2.3
Crossbows      | 1 |  1.3
Throwing       | 2 |  2.3
Armour         | 1 |  1.5
Stealth        | 3 |  3.4
Unarmed Combat | 2 |  2.4
Evocations     | 2 |  2.6

Action                   |  1- 3 |  4- 6 || total
-------------------------+-------+-------++-------
Melee: Hand axe          |    42 |       ||    42
       Dagger            |    12 |    45 ||    57
       Kick              |       |     7 ||     7
       Whip              |       |     4 ||     4
Throw: Stone             |     3 |       ||     3
 Cast: Pain              |    53 |    33 ||    86
       Animate Skeleton  |     5 |     9 ||    14
Evoke: Wand              |       |     2 ||     2
  Use: Scroll            |     5 |     2 ||     7
       Potion            |     1 |     6 ||     7
 Stab: Distracted        |       |     1 ||     1
  Eat: Ration            |     2 |     2 ||     4
Armor: Robe              |    25 |     9 ||    34
Dodge: Dodged            |    69 |    27 ||    96

Table legend:
 A = Non-vault XP
 B = Vault XP
 C = Vault XP percentage of total XP
 D = Non-vault monster count
 E = Vault monster count
 F = Vault count percentage of total count
                 A         B        C        D         E       F
            +---------+---------+-------+---------+---------+-------
      Total |     197 |       6 |   3.0 |      56 |       3 |   5.1
            +---------+---------+-------+---------+---------+-------
        D:1 |      38 |       0 |   0.0 |      24 |       0 |   0.0
        D:2 |      88 |       0 |   0.0 |      22 |       0 |   0.0
        D:3 |      22 |       0 |   0.0 |       6 |       0 |   0.0
        D:4 |      49 |       6 |  10.9 |       4 |       3 |  42.9
            +---------+---------+-------+---------+---------+-------
